 Dungeon Crawl Stone Soup version 0.20.1-1-g8b1a95d (webtiles) character file.

1590 KoningWillie the Carver (level 8, 0/71 HPs)
             Began as a Minotaur Fighter on Sept 22, 2017.
             Slain by a porcupine (9 damage)
             ... on level 7 of the Dungeon.
             The game lasted 00:09:47 (7812 turns).

KoningWillie the Carver (Minotaur Fighter)          Turns: 7812, Time: 00:09:48

Health: 0/71       AC:  8    Str: 23    XL:     8   Next: 61%
Magic:  7/7        EV:  9    Int:  5    God:
Gold:   398        SH: 10    Dex: 10    Spells: 7/7 levels left

rFire    . . .     SeeInvis .   a - +1 long sword
rCold    . . .     Gourm    .   c - +0 shield
rNeg     . . .     Faith    .   b - +0 scale mail
rPois    .         Spirit   .   (helmet restricted)
rElec    .         Reflect  .   (no cloak)
rCorr    .         Harm     .   (no gloves)
MR       .....                  (no boots)
Stlth    ..........             (no amulet)
Regen    0.3/turn               (no ring)
MPRegen  0.1/turn               (no ring)

@: lethally poisoned (0 -> -2)
A: retaliatory headbutt, horns 2
a: no special abilities


You were on level 7 of the Dungeon.
You were not hungry.

You visited 1 branch of the dungeon, and saw 8 of its levels.

You collected 398 gold pieces.

Inventory:

Hand Weapons
 a - a +1 long sword (weapon)
Armour
 b - a +0 scale mail (worn)
 c - a +0 shield (worn)
Jewellery
 p - a cursed +3 ring of dexterity
 q - an uncursed amulet of harm
 A - a cursed ring of teleportation {unknown}
 B - a cursed ring of protection from cold {unknown}
 E - the ring of the Falcon {+Inv rC- MP+9 Dex+3 Slay+3 SInv, unknown}
   (You found it on level 8 of the Dungeon)

   [ring of dexterity]

   It affects your dexterity (+3).
   It affects your accuracy and damage with ranged weapons and melee attacks
   (+3).
   It makes you vulnerable to cold.
   It affects your magic capacity (+9).
   It lets you see invisible.
   It lets you turn invisible.
Wands
 x - a wand of clouds (3/9)
Scrolls
 g - a scroll of magic mapping
 h - 4 scrolls of recharging
 i - 2 scrolls of fear
 j - 4 scrolls of amnesia
 l - 4 scrolls of enchant weapon
 m - 3 scrolls of blinking
 u - 5 scrolls of identify
 y - a scroll of teleportation {unknown}
 C - a scroll of acquirement {unknown}
 D - a scroll of enchant armour {unknown}
Potions
 d - 3 potions of might
 e - a potion of berserk rage
 f - a potion of brilliance {unknown}
 k - 2 potions of experience {unknown}
 n - 2 potions of haste
 o - a potion of heal wounds
 r - a potion of flight {unknown}
 s - a potion of mutation {unknown}
 t - a potion of invisibility {unknown}
 v - a potion of cancellation {unknown}
 w - a potion of lignification {unknown}
 z - 2 potions of degeneration {unknown}


   Skills:
 * Level 6.6 Fighting
 + Level 8.1 Long Blades
 + Level 7.3 Armour
 - Level 2.5 Dodging
 - Level 1.0 Stealth
 - Level 6.1 Shields


You had 7 spell levels left.
You didn't know any spells.

Dungeon Overview and Level Annotations

Branches:
Dungeon (8/15)             Temple (0/1) D:5
   Lair: D:8-11

Altars:
Cheibriados
Gozag
Hepliaklqana
Sif Muna
Trog
Zin

Shops:
D:5 (

Annotations:
D:7 Pikel
D:8 Maurice


Innate Abilities, Weirdness & Mutations

You reflexively headbutt those who attack you in melee.
You have a pair of horns on your head.


Message History

You are struck by the porcupine's spines.
You hit the porcupine.
The porcupine is lightly wounded.
The porcupine bites you. You block the porcupine's attack.
The porcupine bites you! The porcupine bites you.
You feel sick. The porcupine bites you!
* * * LOW HITPOINT WARNING * * *
The porcupine bites you!
* * * LOW HITPOINT WARNING * * *
You block the howler monkey's attack.
You climb upwards.
Level annotation: Pikel The jelly quivers.
Found 18 stones.
There is a stone staircase leading down here.
You hit the porcupine. You headbutt the porcupine!
You kill the porcupine!
Your Long Blades skill increases to level 8!
You feel sick. The porcupine bites you!
You die...

.....
...###....##
.c... ..#
##....##### .....
. # ##.......####
..... ..
##.........#
..... ...
#####.....# ....
#.. ###...# ...
#.. #...# ..
#..### ####..# .
#..@# #....##
##rJ.# # #.##.#
##...###.#.#.#.##
#...#..........#
##....#.##+##.###
(... #...# ....#
+.#.# ..... #...#
#.##+##.#.#


You could see a porcupine and a jelly.

Vanquished Creatures
  A hungry ghost (D:5)
  A porcupine (D:7)
  A sky beast (D:6)
  An ice beast (D:6)
  An ogre (D:5)
  A bullfrog (D:6)
  A gnoll sergeant (D:5)
  3 scorpions
  A water moccasin skeleton (D:6)
  A killer bee (D:6)
  A howler monkey (D:4)
  An electric eel (D:7)
  A centaur zombie (D:5)
  A crimson imp (D:5)
  2 hounds (D:5)
  A bullfrog skeleton (D:5)
  A jelly (D:5)
  A centaur skeleton (D:5)
  An orc priest (D:6)
  Jessica (D:3)
  2 orc wizards (D:3)
  2 worker ants
  A hound skeleton (D:4)
  3 gnolls (D:5)
  10 adders
  2 howler monkey skeletons
  2 oozes (D:3)
  An adder skeleton (D:4)
  2 worms (D:2)
  2 dart slugs (D:1)
  6 leopard geckos
  6 orcs
  3 ball pythons
  5 giant cockroaches
  10 goblins
  7 hobgoblins
  4 quokkas
  6 bats
  2 frilled lizards
  17 kobolds
  A quokka skeleton (D:4)
  A quokka zombie (D:5)
  6 rats
  2 plants (D:7)
126 creatures vanquished.

Notes
Turn   | Place    | Note
-------+----------+-------------------------------------------
     0 | D:1      | KoningWillie the Minotaur Fighter began the quest for the Orb.
     0 | D:1      | Reached XP level 1. HP: 19/19 MP: 0/0
   293 | D:1      | Reached XP level 2. HP: 27/27 MP: 1/1
   753 | D:1      | Reached skill level 3 in Long Blades
   895 | D:1      | Reached XP level 3. HP: 30/33 MP: 2/2
  1284 | D:2      | Reached XP level 4. HP: 40/40 MP: 3/3
  1608 | D:3      | Reached skill level 4 in Long Blades
  1714 | D:3      | Reached skill level 1 in Dodging
  1946 | D:3      | Noticed Jessica
  1955 | D:3      | Killed Jessica
  1955 | D:3      | Reached XP level 5. HP: 46/46 MP: 4/4
  2061 | D:3      | Found a deep blue altar of Sif Muna.
  2156 | D:3      | Noticed an ogre
  2900 | D:4      | Reached skill level 5 in Shields
  3006 | D:4      | Reached XP level 6. HP: 47/53 MP: 5/5
  3210 | D:4      | Reached skill level 5 in Long Blades
  3210 | D:4      | Reached skill level 5 in Armour
  3364 | D:5      | Entered Level 5 of the Dungeon
  3968 | D:5      | Reached XP level 7. HP: 53/60 MP: 6/6
  3969 | D:5      | Found a staircase to the Ecumenical Temple.
  4305 | D:5      | Noticed a hungry ghost
  4314 | D:5      | Killed a hungry ghost
  4314 | D:5      | Reached skill level 5 in Fighting
  4314 | D:5      | Reached skill level 6 in Long Blades
  4448 | D:5      | Reached skill level 1 in Stealth
  4580 | D:5      | Found Kitidef's Weapon Shoppe.
  4725 | D:5      | Found a hazy altar of Hepliaklqana.
  4725 | D:5      | Found a bloodstained altar of Trog.
  4725 | D:5      | Found a glowing silver altar of Zin.
  5559 | D:5      | Found a snail-covered altar of Cheibriados.
  5970 | D:6      | Reached skill level 7 in Long Blades
  5970 | D:6      | Reached XP level 8. HP: 69/69 MP: 7/7
  6529 | D:6      | Found an opulent altar of Gozag.
  7072 | D:7      | Noticed Pikel
  7746 | D:8      | Got a coiled jade ring
  7811 | D:8      | Noticed Maurice
  7812 | D:7      | Reached skill level 8 in Long Blades
  7812 | D:7      | Slain by a porcupine

Skill      XL: |  1  2  3  4  5  6  7  8 |
---------------+-------------------------+-----
Fighting       | 4 5 6 |  6.6
Long Blades    | 3 4 5 7 8 |  8.1
Shields        | 4 5 6 |  6.1
Armour         | 4 5 6 7 |  7.3
Dodging        | 1 2 |  2.5
Stealth        | 1 |  1.0

Action                   |  1- 3 |  4- 6 |  7- 9 || total
-------------------------+-------+-------+-------++-------
Melee: Long sword        |    89 |   153 |   142 ||   384
       Headbutt          |    18 |    25 |    42 ||    85
  Use: Scroll            |       |    12 |       ||    12
  Eat: Bread ration      |     1 |     2 |     1 ||     4
       Royal jelly       |       |       |     2 ||     2
       Meat ration       |       |       |     1 ||     1
Armor: Scale mail        |    61 |    66 |    28 ||   155
Dodge: Dodged            |    41 |    52 |    39 ||   132
Block: Shield            |    59 |    73 |    48 ||   180
       Rpst.: Long sword |    14 |     5 |     9 ||    28
